Map: New Repugnancy LE

Players

Cheebody

  • Race: Protoss Protoss
  • League: Platinum
  • Spawn Location: 1:00

DarwinAwdWnr - Winner!

  • Race: Zerg Zerg
  • League: Gold
  • Spawn Location: 7:00

VOD

Have the link to the VOD?

Description

Time

  • Played on: June 23, 2019, 6:37 p.m.
  • Length: 9:42
Show
View Real Time Build Order
Export as new Build Order

Cheebody Protoss 

Build Orders: Colossus Rush 

Get SALT Encoding   

  12  0:00  Probe  
  13  0:12  Probe  
  14  0:19  Pylon  
  14  0:25  Probe  
  15  0:37  Probe  
  16  0:45  Gateway  
  16  0:49  Probe  
  17  0:54  Assimilator  
  17  1:01  Probe  
  18  1:11  Assimilator, Pylon  
  18  1:13  Probe  
  19  1:21  Probe  
  20  1:29  Probe  
  20  1:36  Cybernetics Core  
  20  1:39  Gateway  
  21  1:41  Probe  
  22  1:49  Probe  
  23  1:54  Zealot  
  23  1:57  Probe  
  26  2:08  Probe  
  26  2:15  Warp Gate, Pylon  
  27  2:20  Probe  
  28  2:29  Sentry  
  30  2:32  Probe  
  31  2:45  Probe  
  31  2:46  Nexus  
  32  2:55  Probe  
  32  2:56  Stalker  
  35  3:03  Probe  
  35  3:11  Probe  
  36  3:14  Pylon  
  37  3:20  Robotics Facility  
  37  3:26  Stalker  
  38  3:28  Probe  
  39  3:40  Probe  
  40  3:46  Pylon  
  40  3:51  Probe  
  41  3:57  Probe  
  41  3:59  Probe  
  38  4:08  Probe x2  
  38  4:12  Robotics Bay  
  39  4:20  Probe x2  
  39  4:23  Assimilator  
  41  4:27  Assimilator  
  41  4:29  Twilight Council  
  41  4:30  Forge  
  41  4:33  Observer  
  41  4:35  Stalker  
  41  4:37  Sentry  
  46  4:38  Probe  
  46  4:42  Probe  
  48  4:50  Probe  
  49  4:54  Probe  
  49  4:57  Colossus  
  49  4:58  Pylon  
  50  5:02  Probe  
  50  5:07  Probe  
  52  5:12  Stalker  
  52  5:13  Stalker  
  62  5:15  Probe  
  63  5:26  Probe  
  64  5:29  Extended Thermal Lance  
  64  5:36  Zealot x2  
  64  5:38  Probe  
  64  5:42  Pylon  
  69  5:43  Charge  
  69  5:48  Probe  
  70  5:50  Probe  
  70  5:56  Protoss Ground Weapons Level 1  
  71  6:00  Probe  
  71  6:01  Colossus  
  71  6:02  Probe  
  79  6:13  Probe  
  79  6:14  Probe  
  81  6:30  Probe x2  
  83  6:38  Nexus  
  83  6:42  Probe, Gateway  
  83  6:43  Probe  
  83  6:44  Gateway  
  85  7:06  Pylon  
  85  7:07  Pylon  
  85  7:13  Forge  
  85  7:15  Pylon  
  85  7:16  Probe  
  85  7:17  Pylon  
  85  7:19  Probe  
  86  7:24  Colossus  
  92  7:30  Gateway  
  92  7:31  Gateway  
  92  7:33  Stalker x2  
  92  7:35  Gateway  
  92  8:01  Stalker x2  
  96  8:18  Pylon  
  96  8:19  Colossus, Pylon  
  96  8:23  Photon Cannon  
  96  8:24  Photon Cannon  
  96  8:27  Photon Cannon  
  102  8:28  Photon Cannon  
  102  8:39  Probe x2  
  98  8:51  Probe  
  98  8:52  Probe  
  100  9:00  Stalker  
  100  9:01  Stalker x4  
  99  9:08  Probe x2  
  86  9:16  Probe x2  
  90  9:25  Probe x2  
Show
View Real Time Build Order
Export as new Build Order

DarwinAwdWnr Zerg - Winner!

Build Orders: Hatch First, Swarm Host 

Get SALT Encoding   

  12  0:01  Drone  
  13  0:16  Overlord, Drone  
  14  0:35  Drone  
  14  0:36  Drone  
  14  0:42  Drone  
  17  0:56  Hatchery  
  16  1:06  Drone x2, Extractor  
  17  1:18  Spawning Pool  
  16  1:20  Drone  
  18  1:32  Drone  
  18  1:33  Drone  
  19  1:43  Drone  
  20  2:03  Overlord  
  20  2:13  Queen x2  
  24  2:16  Metabolic Boost  
  24  2:29  Zergling x2  
  25  2:37  Hatchery  
  24  2:56  Zergling x10  
  24  2:57  Zergling x2  
  30  3:12  Queen x2  
  34  3:34  Drone  
  34  3:35  Overlord x2, Drone  
  30  4:10  Drone x5  
  30  4:11  Drone x8  
  42  4:19  Lair  
  42  4:24  Extractor  
  42  4:29  Queen  
  43  4:49  Extractor  
  43  4:50  Queen  
  43  4:51  Extractor  
  43  5:08  Overlord x2, Drone  
  43  5:09  Drone x11  
  55  5:45  Infestation Pit  
  55  5:48  Nydus Network  
  53  5:52  Overlord x2  
  53  6:22  Swarm Host  
  53  6:23  Swarm Host x8  
  80  6:26  Overlord x2  
  80  6:33  Overlord x2  
  80  6:44  Overseer  
  80  6:56  Nydus Canal, Swarm Host x7  
  101  7:26  Swarm Host  
  101  7:27  Swarm Host x3  
  101  7:28  Overlord x5  
  113  7:32  Nydus Canal  
  113  8:11  Swarm Host  
  113  8:12  Swarm Host x5  
  131  8:18  Nydus Canal  
  131  8:23  Swarm Host  
  131  8:26  Overseer  
  127  9:10  Swarm Host  
  127  9:11  Swarm Host x5  
Tags
 
Composition
Swarm Host
Matchup
PvZ
Replay Pack
10.7.19
Spawn Locations
Cross Positions
Add a new tag
Caveats
  • Supply blocks, unpowered buildings, or Contaminate may cause inaccurate times.
  • Supply counts are checked every 10 seconds.